PCL
VANCOUVER VIPERS @ MILE HIGH BRONCOS
08/19/2030
 
TOP OF THE 1ST
Vancouver Vipers batting - Pitching for Mile High Broncos : LHP Jason Dean
Pitching: LHP Jason Dean
Batting: LHB Nick Gamble 0-0: Ball
1-0: Foul Ball, location: 2F
1-1: Foul Ball, location: 2F
1-2: Strikes out swinging
Batting: RHB Horace Johnson 0-0: Foul Ball, location: 2F
0-1: Ball
1-1: Swinging Strike
1-2: Ball
2-2: Foul Ball, location: 2F
2-2: Strikes out swinging
Batting: RHB Marvin Workman 0-0: Reached on error, E5 (Groundball, 5S)
Batting: RHB Walton Smith 0-0: Called Strike
0-1: Ball
1-1: Foul Ball, location: 2F
1-2: Ball
2-2: Foul Ball, location: 2F
2-2: Ball
3-2: SINGLE (Line Drive, 7)
Marvin Workman to third
Marvin Workman scores
Batting: RHB Salvador Medine 0-0: Foul Ball, location: 2F
0-1: Foul Ball, location: 2F
0-2: Ball
1-2: SINGLE (Line Drive, 7S)
Walton Smith to second
Batting: RHB Quincy Vance 0-0: Called Strike
0-1: Foul Ball, location: 2F
0-2: Ball
1-2: Fielders Choice at 2nd, 6-4 (Groundball, 6)
Top of the 1st over - 1 run, 2 hits, 1 error, 2 left on base; Vancouver 1 - Mile High 0
BOTTOM OF THE 1ST
Mile High Broncos batting - Pitching for Vancouver Vipers : RHP Juan Zumaya
Pitching: RHP Juan Zumaya
Batting: RHB José Darias 0-0: Called Strike
0-1: Ball
1-1: Called Strike
1-2: Ball
2-2: Foul Ball, location: 2F
2-2: Fly out, F2 (Popup, 23F)
Batting: SHB Michael Field 0-0: Called Strike
0-1: DOUBLE (Flyball, 8RXD)
Batting: RHB Rodney González 0-0: Called Strike
0-1: Ball
1-1: Called Strike
1-2: Strikes out swinging
Batting: RHB António Martínez 0-0: Ground out 4-3 (Groundball, 4)
Bottom of the 1st over - 0 runs, 1 hit, 0 errors, 1 left on base; Vancouver 1 - Mile High 0
TOP OF THE 2ND
Vancouver Vipers batting - Pitching for Mile High Broncos : LHP Jason Dean
Batting: LHB Ernesto Meléndez 0-0: Fly out, F7 (Flyball, 7S)
Batting: LHB Collin Smith 0-0: Foul Ball, location: 2F
0-1: Swinging Strike
0-2: Ball
1-2: Ball
2-2: Ball
3-2: Strikes out swinging
Batting: LHB Brian Ford 0-0: Foul Ball, location: 2F
0-1: Foul Ball, location: 2F
0-2: Ground out 4-3 (Groundball, 34)
Top of the 2nd over - 0 runs, 0 hits, 0 errors, 0 left on base; Vancouver 1 - Mile High 0
BOTTOM OF THE 2ND
Mile High Broncos batting - Pitching for Vancouver Vipers : RHP Juan Zumaya
Batting: LHB Tony Báez 0-0: Ball
1-0: Ball
2-0: Fly out, F5 (Popup, 5F)
Batting: RHB Evan Robinson 0-0: Swinging Strike
0-1: Called Strike
0-2: Ball
1-2: Ball
2-2: Strikes out looking
Batting: SHB Ben Marks 0-0: SINGLE (Groundball, 34D)
Batting: RHB Edward Williams 0-0: Called Strike
0-1: Ground out 6-3 (Groundball, 6M)
Bottom of the 2nd over - 0 runs, 1 hit, 0 errors, 1 left on base; Vancouver 1 - Mile High 0
TOP OF THE 3RD
Vancouver Vipers batting - Pitching for Mile High Broncos : LHP Jason Dean
Batting: LHB Nick Gamble 0-0: Ball
1-0: Called Strike
1-1: Swinging Strike
1-2: Foul Ball, location: 2F
1-2: Foul Ball, location: 2F
1-2: Ball
2-2: Ball
3-2: Foul Ball, location: 2F
3-2: Base on Balls
Batting: RHB Horace Johnson 0-0: Ball
1-0: Foul Ball, location: 2F
1-1: Ball
2-1: Grounds into double play, 6-4-3 (Groundball, 56)
Batting: RHB Marvin Workman 0-0: Ball
1-0: Foul Ball, location: 2F
1-1: Ball
2-1: Ball
3-1: DOUBLE (Line Drive, 9LM)
Batting: RHB Walton Smith 0-0: Ball
1-0: Foul Ball, location: 2F
1-1: Foul Ball, location: 2F
1-2: Ball
2-2: Ball
3-2: Base on Balls
Batting: RHB Salvador Medine 0-0: Called Strike
0-1: Ball
1-1: Swinging Strike
1-2: Strikes out swinging
Top of the 3rd over - 0 runs, 1 hit, 0 errors, 2 left on base; Vancouver 1 - Mile High 0
BOTTOM OF THE 3RD
Mile High Broncos batting - Pitching for Vancouver Vipers : RHP Juan Zumaya
Batting: SHB Paco Martínez 0-0: Called Strike
0-1: Ball
1-1: Called Strike
1-2: Fly out, F8 (Flyball, 8LD)
Batting: RHB José Darias 0-0: Called Strike
0-1: Swinging Strike
0-2: Ball
1-2: Ball
2-2: Foul Ball, location: 2F
2-2: Ground out U3 (Groundball, 34S)
Batting: SHB Michael Field 0-0: Ball
1-0: SINGLE (Groundball, 6D)
Batting: RHB Rodney González 0-0: Ball
1-0: Ball
2-0: Ball
3-0: Base on Balls
Michael Field to second
Batting: RHB António Martínez 0-0: Ball
1-0: Ball
2-0: Ball
3-0: DOUBLE (Line Drive, 89D)
Michael Field scores
Rodney González to third
Runner from 3rd tries for Home, SAFE, no throw
Batting: LHB Tony Báez 0-0: Ball
1-0: Called Strike
1-1: Ball
2-1: Foul Ball, location: 2F
2-2: Fly out, F7 (Flyball, 7)
Bottom of the 3rd over - 2 runs, 2 hits, 0 errors, 1 left on base; Vancouver 1 - Mile High 2
TOP OF THE 4TH
Vancouver Vipers batting - Pitching for Mile High Broncos : LHP Jason Dean
Batting: RHB Quincy Vance 0-0: Ground out 6-3 (Groundball, 6)
Batting: LHB Ernesto Meléndez 0-0: Called Strike
0-1: Called Strike
0-2: Ball
1-2: Foul Ball, location: 2F
1-2: Foul Ball, location: 2F
1-2: Foul Ball, location: 2F
1-2: Fly out, F7 (Flyball, 7D)
Batting: LHB Collin Smith 0-0: Ball
1-0: Ball
2-0: Ball
3-0: Called Strike
3-1: Base on Balls
Batting: LHB Brian Ford 0-0: Ball
1-0: Fly out, F8 (Flyball, 8RD)
Top of the 4th over - 0 runs, 0 hits, 0 errors, 1 left on base; Vancouver 1 - Mile High 2
BOTTOM OF THE 4TH
Mile High Broncos batting - Pitching for Vancouver Vipers : RHP Juan Zumaya
Batting: RHB Evan Robinson 0-0: Ball
1-0: Ball
2-0: Called Strike
2-1: Swinging Strike
2-2: Foul Ball, location: 2F
2-2: Strikes out swinging
Batting: SHB Ben Marks 0-0: Ground out 5-3 (Groundball, 5L)
Batting: RHB Edward Williams 0-0: Swinging Strike
0-1: Ball
1-1: Ball
2-1: Fly out, F9 (Flyball, 9LS)
Bottom of the 4th over - 0 runs, 0 hits, 0 errors, 0 left on base; Vancouver 1 - Mile High 2
TOP OF THE 5TH
Vancouver Vipers batting - Pitching for Mile High Broncos : LHP Jason Dean
Batting: LHB Nick Gamble 0-0: Ball
1-0: Called Strike
1-1: Ball
2-1: Fly out, F6 (Line Drive, 6)
Batting: RHB Horace Johnson 0-0: Foul Ball, location: 2F
0-1: Foul Ball, location: 2F
0-2: Ground out 6-3 (Groundball, 6M)
Batting: RHB Marvin Workman 0-0: Called Strike
0-1: Ball
1-1: Ball
2-1: Fly out, F4 (Popup, 4M)
Top of the 5th over - 0 runs, 0 hits, 0 errors, 0 left on base; Vancouver 1 - Mile High 2
BOTTOM OF THE 5TH
Mile High Broncos batting - Pitching for Vancouver Vipers : RHP Juan Zumaya
Batting: SHB Paco Martínez 0-0: Ball
1-0: Called Strike
1-1: Swinging Strike
1-2: Strikes out swinging
Batting: RHB José Darias 0-0: Called Strike
0-1: Ball
1-1: Foul Ball, location: 2F
1-2: Ball
2-2: Ball
3-2: Strikes out swinging
Batting: SHB Michael Field 0-0: Ball
1-0: Foul Ball, location: 2F
1-1: Ball
2-1: Ball
3-1: Foul Ball, location: 2F
3-2: Reached via error on a dropped throw, E1
Batting: RHB Rodney González 0-0: Called Strike
0-1: Ball
1-1: Called Strike
1-2: Strikes out swinging
Bottom of the 5th over - 0 runs, 0 hits, 1 error, 1 left on base; Vancouver 1 - Mile High 2
TOP OF THE 6TH
Vancouver Vipers batting - Pitching for Mile High Broncos : LHP Jason Dean
Pitching: RHP José García
Batting: RHB Walton Smith 0-0: Swinging Strike
0-1: Called Strike
0-2: Ball
1-2: Strikes out looking
Batting: RHB Salvador Medine 0-0: Ball
1-0: SINGLE (Line Drive, 4M)
Batting: RHB Quincy Vance 0-0: Ground out 5-3 (Groundball, 56)
Salvador Medine to second
Batting: LHB Ernesto Meléndez 0-0: Fly out, F9 (Flyball, 9LS)
Top of the 6th over - 0 runs, 1 hit, 0 errors, 1 left on base; Vancouver 1 - Mile High 2
BOTTOM OF THE 6TH
Mile High Broncos batting - Pitching for Vancouver Vipers : RHP Juan Zumaya
Batting: RHB António Martínez 0-0: Ball
1-0: Ball
2-0: Called Strike
2-1: Foul Ball, location: 2F
2-2: Foul Ball, location: 2F
2-2: Ball
3-2: Foul Ball, location: 2F
3-2: Base on Balls
Batting: LHB Tony Báez 0-0: Ball
1-0: Called Strike
1-1: Foul Ball, location: 2F
1-2: Foul Ball, location: 2F
1-2: Strikes out swinging
Batting: RHB Evan Robinson 0-0: Called Strike
0-1: Grounds into double play, 6-4-3 (Groundball, 6)
Bottom of the 6th over - 0 runs, 0 hits, 0 errors, 0 left on base; Vancouver 1 - Mile High 2
TOP OF THE 7TH
Vancouver Vipers batting - Pitching for Mile High Broncos : RHP José García
Batting: LHB Collin Smith 0-0: Ball
1-0: Foul Ball, location: 2F
1-1: Fly out, F5 (Popup, 56S)
Batting: LHB Brian Ford 0-0: Ball
1-0: Fly out, F9 (Flyball, 89S)
Batting: LHB Nick Gamble 0-0: Ball
1-0: Foul Ball, location: 2F
1-1: Ball
2-1: Swinging Strike
2-2: Ball
3-2: Foul Ball, location: 2F
3-2: Foul Ball, location: 2F
3-2: Foul Ball, location: 2F
3-2: Foul Ball, location: 2F
3-2: Base on Balls
Pinch Hitting: LHB Benny Richard 0-0: Ball
1-0: Foul Ball, location: 2F
1-1: Ball
Wild Pitch!
Nick Gamble to second
2-1: Ball
Wild Pitch!
Nick Gamble to third
3-1: 2-RUN HOME RUN (Flyball, 89XD), Distance : 409 ft
Pitching: LHP Jorge García
Batting: RHB Marvin Workman 0-0: Foul Ball, location: 2F
0-1: Swinging Strike
0-2: Fly out, F8 (Flyball, 8RD)
Top of the 7th over - 2 runs, 1 hit, 0 errors, 0 left on base; Vancouver 3 - Mile High 2
BOTTOM OF THE 7TH
Mile High Broncos batting - Pitching for Vancouver Vipers : RHP Juan Zumaya
Now at SS: Clarence Harrison
Batting: SHB Ben Marks 0-0: Called Strike
0-1: Ground out 1-3 (Groundball, 13)
Batting: RHB Edward Williams 0-0: Ball
1-0: Ball
2-0: Called Strike
2-1: Fly out, F9 (Flyball, 9LS)
Batting: SHB Paco Martínez 0-0: Ball
1-0: Foul Ball, location: 2F
1-1: Called Strike
1-2: Ball
2-2: SINGLE (Line Drive, 34)
Pinch Hitting: RHB Tim Hanson 0-0: Ball
1-0: Ball
2-0: Reached on error, E5 (Groundball, 56)
Paco Martínez to second
Batting: SHB Michael Field 0-0: Foul Ball, location: 2F
0-1: Ball
1-1: SINGLE (Groundball, 34D)
Paco Martínez to third
Tim Hanson to second
Runner from 3rd tries for Home, SAFE, no throw
Pitching: RHP Javier Toledo
Pinch Hitting: LHB Mark Everett 0-0: Ball
1-0: Called Strike
1-1: Fly out, F8 (Line Drive, 8LM)
Bottom of the 7th over - 1 run, 2 hits, 1 error, 2 left on base; Vancouver 3 - Mile High 3
TOP OF THE 8TH
Vancouver Vipers batting - Pitching for Mile High Broncos : LHP Jorge García
Now at 2B: Keith Shaffer
Now in CF: Don Hull
Batting: RHB Walton Smith 0-0: Called Strike
0-1: Ball
1-1: SINGLE (Groundball, 6MD)
Batting: RHB Salvador Medine 0-0: Called Strike
0-1: Swinging Strike
0-2: Fly out, F8 (Flyball, 89D)
Batting: RHB Quincy Vance 0-0: Called Strike
0-1: Swinging Strike
0-2: Ball
1-2: Ground out 5-3 (Groundball, 5)
Walton Smith to second
Pinch Hitting: RHB Ryan Parrish 0-0: Swinging Strike
0-1: Ball
1-1: Ball
2-1: Ground out 5-3 (Groundball, 56)
Top of the 8th over - 0 runs, 1 hit, 0 errors, 1 left on base; Vancouver 3 - Mile High 3
BOTTOM OF THE 8TH
Mile High Broncos batting - Pitching for Vancouver Vipers : RHP Javier Toledo
Now in LF: Jorge Martínez
Batting: RHB António Martínez 0-0: Foul Ball, location: 2F
0-1: Ball
1-1: Ball
2-1: Fly out, F7 (Flyball, 7LMF)
Batting: LHB Tony Báez 0-0: Ball
1-0: Ball
2-0: Ball
3-0: Base on Balls
Batting: RHB Evan Robinson 0-0: Ball
1-0: 2-RUN HOME RUN (Flyball, 78XD), Distance : 417 ft
Pitching: LHP Henry Brown
Batting: SHB Ben Marks 0-0: Ball
1-0: Ball
2-0: SINGLE (Groundball, 25) (infield hit)
Batting: RHB Edward Williams 0-0: Called Strike
0-1: Called Strike
0-2: Ball
1-2: Foul Ball, location: 2F
1-2: Foul Ball, location: 2F
1-2: Ball
2-2: Strikes out looking
Batting: SHB Paco Martínez 0-0: Ball
1-0: Ball
2-0: Called Strike
2-1: Ball
3-1: Called Strike
3-2: Strikes out looking
Bottom of the 8th over - 2 runs, 2 hits, 0 errors, 1 left on base; Vancouver 3 - Mile High 5
TOP OF THE 9TH
Vancouver Vipers batting - Pitching for Mile High Broncos : LHP Jorge García
Pitching: LHP Juan Garza
Batting: LHB Collin Smith 0-0: Ball
1-0: DOUBLE (Flyball, 89D)
Pinch Hitting: RHB Rob Brady 0-0: Ball
1-0: Ball
2-0: Called Strike
2-1: Ball
3-1: Foul Ball, location: 2F
3-2: Foul Ball, location: 2F
3-2: Base on Balls
Pinch Hitting: RHB Cooper Richard 0-0: Fly out, F7 (Line Drive, 7)
Batting: RHB Clarence Harrison 0-0: Ball
1-0: Ground out 4-3 (Groundball, 4S)
Collin Smith to third
Rob Brady to second
Batting: RHB Marvin Workman 0-0: Ball
1-0: Foul Ball, location: 2F
1-1: Foul Ball, location: 2F
1-2: SINGLE (Groundball, 6D)
Collin Smith scores
Rob Brady to third
Runner from 3rd tries for Home, SAFE, no throw
Pinch Runner at 1st Emílio Calvillo:
Batting: RHB Walton Smith 0-0: Ball
1-0: Ball
Emílio Calvillo steals 2nd base
2-0: Foul Ball, location: 2F
2-1: Ground out 6-3 (Groundball, 6)
Top of the 9th over - 2 runs, 2 hits, 0 errors, 1 left on base; Vancouver 5 - Mile High 5
BOTTOM OF THE 9TH
Mile High Broncos batting - Pitching for Vancouver Vipers : LHP Henry Brown
Now at 1B: Emílio Calvillo
Now at 2B: Lúcio Alfaro
Now in RF: Cooper Richard
Pinch Hitting: RHB Su-kweon Yu 0-0: Called Strike
0-1: Foul Ball, location: 2F
0-2: Foul Ball, location: 2F
0-2: Ball
1-2: Foul Ball, location: 2F
1-2: Ball
2-2: Ground out 6-3 (Groundball, 6)
Batting: SHB Michael Field 0-0: Fly out, F7 (Flyball, 7)
Pinch Hitting: RHB Tom Lang 0-0: Called Strike
0-1: Foul Ball, location: 2F
0-2: Fly out, F8 (Flyball, 8LXD)
Bottom of the 9th over - 0 runs, 0 hits, 0 errors, 0 left on base; Vancouver 5 - Mile High 5
TOP OF THE 10TH
Vancouver Vipers batting - Pitching for Mile High Broncos : LHP Juan Garza
Pitching: LHP Todd Anderson
Now at 3B: Juan Medina
Now in CF: Luis Ramos
Batting: RHB Salvador Medine 0-0: Ball
1-0: Foul Ball, location: 2F
1-1: Called Strike
1-2: Ball
2-2: Foul Ball, location: 2F
2-2: Ground out 6-3 (Groundball, 6)
Batting: RHB Quincy Vance 0-0: Swinging Strike
0-1: Ground out 1-3 (Groundball, P)
Pinch Hitting: RHB Steve Bender 0-0: Swinging Strike
0-1: Swinging Strike
0-2: Ball
1-2: Strikes out swinging
Top of the 10th over - 0 runs, 0 hits, 0 errors, 0 left on base; Vancouver 5 - Mile High 5
BOTTOM OF THE 10TH
Mile High Broncos batting - Pitching for Vancouver Vipers : LHP Henry Brown
Now in LF: Steve Bender
Batting: RHB António Martínez 0-0: Foul Ball, location: 2F
0-1: Ball
1-1: Ball
2-1: Swinging Strike
2-2: Foul Ball, location: 2F
2-2: Ground out 4-3 (Groundball, 4)
Batting: LHB Tony Báez 0-0: Ball
1-0: Ball
2-0: Called Strike
2-1: Swinging Strike
2-2: Ball
3-2: Strikes out swinging
Batting: RHB Evan Robinson 0-0: Ball
1-0: Called Strike
1-1: Swinging Strike
1-2: Ball
2-2: DOUBLE (Line Drive, 89D)
Batting: SHB Ben Marks 0-0: Ball
1-0: Called Strike
1-1: Fly out, F7 (Flyball, 7D)
Bottom of the 10th over - 0 runs, 1 hit, 0 errors, 1 left on base; Vancouver 5 - Mile High 5
TOP OF THE 11TH
Vancouver Vipers batting - Pitching for Mile High Broncos : LHP Todd Anderson
Pinch Hitting: RHB Jesús Lara 0-0: Ball
1-0: Ball
2-0: Called Strike
2-1: Ball
3-1: Base on Balls
Batting: RHB Lúcio Alfaro 0-0: Ball
1-0: Foul Ball, location: 2F
1-1: Foul Ball, location: 2F
1-2: Foul Ball, location: 2F
1-2: Foul Ball, location: 2F
1-2: Strikes out looking
Batting: RHB Cooper Richard 0-0: Ball
1-0: Fly out, F7 (Line Drive, 7D)
Batting: RHB Clarence Harrison 0-0: Ground out 4-3 (Groundball, 4)
Top of the 11th over - 0 runs, 0 hits, 0 errors, 1 left on base; Vancouver 5 - Mile High 5
BOTTOM OF THE 11TH
Mile High Broncos batting - Pitching for Vancouver Vipers : LHP Henry Brown
Now in CF: Jason McIntosh
Batting: RHB Edward Williams 0-0: Ball
1-0: Foul Ball, location: 2F
1-1: Ball
2-1: Foul Ball, location: 2F
2-2: DOUBLE (Line Drive, 7LS)
Batting: SHB Paco Martínez 0-0: Called Strike
0-1: Ball
1-1: Fly out, F3 (Popup, 3F)
Batting: RHB Luis Ramos 0-0: Ball
Wild Pitch!
Edward Williams to third
1-0: Intentional Walk
Batting: SHB Michael Field 0-0: Ball
1-0: Ball
2-0: Ball
3-0: Called Strike
3-1: Ground out 5-3 (Groundball, 56)
Luis Ramos to second
Pitching: RHP Mark Greene
Pinch Hitting: LHB Jesús González 0-0: Called Strike
0-1: Called Strike
0-2: Ball
1-2: Ball
2-2: Foul Ball, location: 2F
2-2: Ball
3-2: Base on Balls
Batting: RHB António Martínez 0-0: Called Strike
0-1: SINGLE (Groundball, 4D)
Edward Williams scores
Saturday, April 7th, 2018 - OOTP Baseball 18.8 Build 76